 Dungeon Crawl Stone Soup version 0.30-a0-986-g7f2e898f52 (webtiles) character file.

Game seed: 13314161038367723588

83 Pimp the Slasher (level 4, -2/35 HPs)
             Began as a Barachi Reaver on Apr 1, 2023.
             Slain by a gnoll
             ... wielding a +0 flail
              (10 damage)
             ... on level 2 of the Dungeon.
             The game lasted 00:04:26 (1958 turns).

Pimp the Slasher (Barachi Reaver)                   Turns: 1958, Time: 00:04:27

Health: -2/35      AC:  5    Str: 13    XL:     4   Next: 44%
Magic:  8/8        EV: 12    Int: 16    God:
Gold:   62         SH:  0    Dex: 10    Spells: 4/8 levels left

rFire   . . .      SeeInvis .    a - +2 falchion
rCold   . . .      Faith    .    (no shield)
rNeg    . . .      Spirit   .    c - +2 robe {Will+}
rPois   .          Reflect  .    (no helmet)
rElec   .          Rampage  .    (no cloak)
rCorr   .                        o - +0 pair of gloves
Will    +....                    (no boots)
Stlth   +                        (no amulet)
HPRegen 0.25/turn                (no ring)
MPRegen 0.11/turn                (no ring)

@: slow
A: amphibious, slowness 1, strong legs 1, +LOS
a: Hop


You were on level 2 of the Dungeon.
You visited 1 branch of the dungeon, and saw 3 of its levels.

You collected 62 gold pieces.

Inventory:

Hand Weapons
 a - a +2 falchion (weapon)
Armour
 b - a +0 leather armour
 c - a +2 robe of willpower (worn)
 o - a +0 pair of gloves (worn)
Jewellery
 j - a ring of flight
Scrolls
 d - 6 scrolls of identify
 i - 3 scrolls of poison
Potions
 e - 2 potions of heal wounds {unknown}
 f - a potion of lignification {unknown}
 g - a potion of attraction {unknown}
 h - 2 potions of mutation {unknown}


   Skills:
 + Level 3.1 Fighting
 + Level 4.2 Long Blades
 + Level 0.8 Armour
 + Level 2.8 Dodging
 + Level 2.7 Spellcasting
 + Level 3.8 Conjurations
 + Level 0.6 Ice Magic


You had 4 spell levels left.
You knew the following spells:

 Your Spells              Type           Power      Damage    Failure   Level
a - Kiss of Death         Conj/Necr      32%        2d7       9%          1
b - Hailstorm             Conj/Ice       9%         3d4       22%         3

Your spell library contained the following spells:

 Spells                   Type           Power      Damage    Failure   Level
 Momentum Strike          Conj/Tloc      16%        3d8       13%         2
 Summon Forest            Summ/Tloc      1%         N/A       99%         5
 Eringya's Noxious Bog    Tmut/Pois      1%         N/A       100%        6
 Summon Hydra             Summ           1%         N/A       100%        7


Dungeon Overview and Level Annotations

Branches:
Dungeon (3/15)

Altars:

Shops:
D:1 *


Innate Abilities, Weirdness & Mutations

You are amphibious.
You cover ground slowly.
You can hop short distances.
You have an extended range of vision and can be seen from far away.


Message History

You barely miss the gnoll.
The gnoll is heavily wounded.
The gnoll misses you.
You hit the gnoll but do no damage.
The gnoll is heavily wounded.
The gnoll barely misses you. The gnoll hits you but does no damage.
You closely miss the gnoll.
The gnoll is heavily wounded.
The gnoll closely misses you.
You hit the gnoll.
You kill the gnoll!
You see here a +0 spear.
There is a stone staircase leading down here.
You start resting.
HP restored.
You climb downwards.
The gnoll barely misses you. The gnoll closely misses you.
There is a stone staircase leading up here.
The gnoll misses you.
There is a stone staircase leading up here.
The gnoll hits you with a +0 spear. The gnoll barely misses you.
You climb upwards.
There is a stone staircase leading down here.
You hit the gnoll.
The gnoll is lightly wounded.
The gnoll hits you with a +0 flail. The gnoll hits you but does no damage.
You hit the gnoll.
The gnoll is moderately wounded.
The gnoll hits you with a +0 flail. The gnoll hits you with a +0 spear.
You barely miss the gnoll.
The gnoll is moderately wounded.
The gnoll closely misses you. x2
You hit the gnoll.
The gnoll is severely wounded.
The gnoll hits you with a +0 flail. The gnoll closely misses you.
You hit the gnoll. Your punch misses the gnoll.
The gnoll is almost dead.
The gnoll closely misses you. The gnoll hits you with a +0 spear!
* * * LOW HITPOINT WARNING * * *
The gnoll hits you with a +0 flail!
You die...

#.###..###.##.#(###.###
#...........#.......... ####
###.....##..###..####.. ...#
####.#.#.##..###..####.. ...#
#......#............##..
##.#######.##.#....##.###..#.##..
........##.##.#.#.###.# #..#..>..
##.####.......#..g....###.......#
##.# ####.##...@g#####....###...
...# #.....)### #.#### #.#. ...#
####.#### ##.## #.#.
##########.......# #...# #.#.
#.......###.#.# #...#####.#.
####.#####.###.#.# #...##......
#.....#..........#####...##.##.#.
#........#.......#...........#...
#........#.............<.........


You could see 2 gnolls.

Vanquished Creatures
  2 gnolls (D:2)
  3 dart slugs
  8 bats
  13 endoplasms
  A giant cockroach (D:1)
  2 goblins (D:2)
  5 hobgoblins
  A kobold (D:2)
  2 quokkas
  6 ball pythons
  7 frilled lizards
  3 rats
53 creatures vanquished.

Vanquished Creatures (others)
  2 plants (D:2)
2 creatures vanquished.

Grand Total: 55 creatures vanquished

Notes
Turn   | Place    | Note
-------+----------+-------------------------------------------
     0 | D:1      | Pimp the Barachi Reaver began the quest for the Orb.
     0 | D:1      | Reached XP level 1. HP: 17/17 MP: 3/3
   158 | D:1      | Reached XP level 2. HP: 20/23 MP: 5/5
   246 | D:1      | Found Toyq's General Store.
   404 | D:1      | Reached XP level 3. HP: 28/28 MP: 6/6
   486 | D:1      | Reached skill level 4 in Long Blades
   837 | D:1      | Learned a level 3 spell: Hailstorm
  1462 | D:2      | Reached XP level 4. HP: 30/35 MP: 7/7
  1958 | D:2      | Slain by a gnoll

Illustrated notes

Levels and vault maps discovered:
D:1:      shiori_arrival_maze, layout_loops_cross, serial_shops,
          nicolae_shop_temple_entry_statues_fountains, st_stairs_3,
          minmay_misc_feat_nine_boxes, minmay_octomino_c4
D:2:      layout_loops_cross, chequers_serial_rivers_room_a, kennysheep_boxes
D:3:      layout_loops_ring, nzn_hepliaklqana_mist_gate,
          nicolae_overflow_hidden_temple, mainiacjoe_overflow_boulevard,
          chequers_garden, corner_web_ring

Skill      XL: |  1  2  3 |
---------------+----------+-----
Long Blades    | 4 |  4.2
Fighting       | 3 |  3.1
Armour         | |  0.8
Dodging        | |  2.8
Spellcasting   | |  2.7
Conjurations   | |  3.8
Ice Magic      | |  0.6

Action                     |  1- 3 |  4- 6 || total
---------------------------+-------+-------++-------
  Melee: Falchion          |   168 |    32 ||   200
         Punch             |     3 |       ||     3
    Use: Scroll            |     2 |     6 ||     8
   Stab: Sleeping          |     2 |       ||     2
 Armour: Robe              |    79 |     9 ||    88
         Leather armour    |     1 |       ||     1
  Dodge: Dodged            |   156 |    24 ||   180

Table legend: (Time is in decaauts)
 A = Elapsed time spent in this place.
 B = Non-inter-level travel time spent in this place.
 C = Inter-level travel time spent in this place.
 D = Time resting spent in this place.
 E = Time spent auto-exploring this place.
 F = Levels seen in this place.
 G = Mean time per level.
                   A        B        C        D        E       F      G
               +--------+--------+--------+--------+--------+-----+--------+
         Total |   2243 |   2096 |    147 |    218 |   1264 |   3 |  747.7 |
       Dungeon |   2243 |   2096 |    147 |    218 |   1264 |   3 |  747.7 |
               +--------+--------+--------+--------+--------+-----+--------+

Top non-repeatable levels by time:
     D:2: 1233 daAuts
     D:1: 993 daAuts
     D:3: 16 daAuts
